 Dungeon Crawl Stone Soup version 0.29.0-5-ge4962eb29e (webtiles) character file.

Game seed: 7786631971235511856

112 inmateoo the Covered (level 4, -5/29 HPs)
             Began as a Gargoyle Fighter on Aug 30, 2022.
             Killed by divine providence
             ... invoked by an orc priest
              (17 damage)
             ... on level 4 of the Dungeon.
             The game lasted 00:02:22 (2502 turns).

inmateoo the Covered (Gargoyle Fighter)             Turns: 2502, Time: 00:02:22

Health: -5/29      AC: 14    Str: 21    XL:     4   Next: 95%
Magic:  4/4        EV:  7    Int:  9    God:
Gold:   237        SH:  4    Dex:  9    Spells: 3/3 levels left

rFire   . . .      SeeInvis .   a - +0 flail
rCold   . . .      Faith    .   c - +0 buckler
rNeg    + . .      Spirit   .   h - +0 chain mail
rPois   ∞          Reflect  .   (no helmet)
rElec   +          Harm     .   (no cloak)
rCorr   .          Rampage  .   k - +0 pair of gloves
Will    .....                   (no boots)
Stlth   ..........              (no amulet)
HPRegen 0.09/turn               (no ring)
MPRegen 0.09/turn               (no ring)

@: no status effects
A: sickness immunity, AC +3, negative energy resistance 1, electricity
resistance, torment resistance 1, petrification resistance
a: no special abilities


You were on level 4 of the Dungeon.
You visited 1 branch of the dungeon, and saw 4 of its levels.

You collected 237 gold pieces.

Inventory:

Hand Weapons
 a - a +0 flail (weapon)
Armour
 c - a +0 buckler (worn)
 h - a +0 chain mail (worn)
 k - a +0 pair of gloves (worn)
Wands
 l - a wand of mindburst (17)
Scrolls
 b - a scroll of immolation {unknown}
 e - a scroll of magic mapping {unknown}
 f - 5 scrolls of identify {unknown}
 j - 2 scrolls of teleportation {unknown}
 m - 5 scrolls of butterflies {unknown}
 o - a scroll of fear {unknown}
Potions
 d - a potion of might
 g - 6 potions of curing {unknown}
 i - a potion of degeneration {unknown}
 n - a potion of lignification {unknown}
 p - a potion of mutation {unknown}


   Skills:
 + Level 3.8 Fighting
 * Level 3.3 Maces & Flails
 + Level 3.8 Armour
 + Level 1.1 Dodging
 + Level 3.8 Shields


You had 3 spell levels left.
You didn't know any spells.
Your spell library contained the following spells:

 Spells                   Type           Power      Damage    Failure   Level
 Poisonous Vapours        Pois/Air       0%         N/A       100%        2
 Corpse Rot               Necr/Pois/Air  0%         N/A       100%        4


Dungeon Overview and Level Annotations

Branches:
Dungeon (4/15)
 Temple: D:4-7

Altars:
The Shining One

Shops:
D:3 (


Innate Abilities, Weirdness & Mutations

You are immune to sickness and miasma.
Your stone body is resilient. (AC +3)
You are immune to poison.
You resist negative energy. (rN+)
You are resistant to electric shocks. (rElec)
You are resistant to unholy torment.
You are immune to petrification.


Message History

The orc shouts!
The orc priest shouts!
You closely miss the orc. The orc completely misses you.
You closely miss the orc. The orc hits you but does no damage.
You block the orc's attack.
The orc priest looks encouraged for a moment.
The orc attacks as you move away! The orc hits you but does no damage.
The orc priest looks braver for a moment.
The orc attacks as you move away! The orc hits you with a +0 war axe.
You see here a +0 falchion.
There is a stone staircase leading up here.
The orc hits you but does no damage.
You climb upwards.
There is a stone staircase leading down here.
You barely miss the orc. The orc closely misses you.
The orc hits you but does no damage.
You closely miss the orc. The orc hits you with a +0 war axe.
You barely miss the orc. The orc barely misses you.
You closely miss the orc. The orc barely misses you.
The orc hits you but does no damage.
You closely miss the orc. The orc hits you but does no damage.
You closely miss the orc. The orc closely misses you.
You hit the orc.
The orc is lightly wounded.
The orc barely misses you. The orc hits you but does no damage.
You thump the orc!
You kill the orc!
No target in view!
Things that are here:
a +0 war axe; an orc corpse
There is a stone staircase leading down here.
You climb downwards.
The orc priest calls down the wrath of Beogh upon you.
Beogh smites you! You block the orc's attack.
The orc priest mumbles some strange prayers to Beogh against you.
Pain shoots through your body! The orc hits you but does no damage.
There is a stone staircase leading up here.
The orc priest invokes the aid of Beogh against you.
Beogh smites you!
Ouch! That really hurt!
You die...

##o.#........
####...#......
####.............
........o##......
##...###.# .....
#..#####.###...##
.. #.(.......###
#####....)....#
.......o@.....###
###.....)...>...
###........####
#..........#
#..........#
#.........##
#.............
#.........####
#.........#


You could see an orc priest and an orc.

Vanquished Creatures
  2 adders (D:3)
  2 worms (D:2)
  5 dart slugs
  2 orcs (D:3)
  6 bats
  13 endoplasms
  2 giant cockroaches (D:2)
  6 goblins
  3 hobgoblins
  4 jackals (D:1)
  5 quokkas
  7 ball pythons
  4 frilled lizards (D:1)
  4 kobolds
  8 rats
73 creatures vanquished.

Notes
Turn   | Place    | Note
-------+----------+-------------------------------------------
     0 | D:1      | inmateoo the Gargoyle Fighter began the quest for the Orb.
     0 | D:1      | Reached XP level 1. HP: 14/14 MP: 1/1
    93 | D:1      | Reached XP level 2. HP: 19/19 MP: 2/2
   286 | D:1      | Reached XP level 3. HP: 22/23 MP: 3/3
   295 | D:1      | Found a faded altar of an unknown god.
  1007 | D:2      | Reached XP level 4. HP: 28/28 MP: 4/4
  1267 | D:3      | Found a glowing golden altar of the Shining One.
  1378 | D:3      | Reached skill level 1 in Dodging
  1839 | D:3      | Found Xaept's Weapon Shop.
  2502 | D:4      | Killed from afar by an orc priest

Illustrated notes

Levels and vault maps discovered:
D:1:      minmay_arrival_nine_rooms, layout_rooms,
          ebering_ecumenical_altar_abandoned
D:2:      layout_loops_ring
D:3:      layout_loops_corners, amcnicky_altar_gilded, serial_shops, shop
D:4:      layout_rooms, eat_drink_and_be_merry_uskayaw,
          lemuel_mausoleum_altar_yredelemnul, temple_doors_ab

Skill      XL: |  1  2  3  4 |
---------------+-------------+-----
Maces & Flails | 3 |  3.3
Dodging        | 1 |  1.1
Fighting       | |  3.8
Armour         | |  3.8
Shields        | |  3.8

Action                   |  1- 3 |  4- 6 || total
-------------------------+-------+-------++-------
Melee: Flail             |   126 |    98 ||   224
Armor: Scale mail        |     7 |       ||     7
       Chain mail        |    81 |    57 ||   138
Dodge: Dodged            |    47 |    29 ||    76
Block: Buckler           |    31 |    13 ||    44
